cohdb
Replays
Latest Replays
All Replays
Popular Replays
Top Player Replays
Match Explorer
How It Works
Community
CoH3 Stats
Reddit
Sign in to upload your games and track your stats! →
Sign in with Steam
Match 35607443
Unlisted
Match 35607443
Overview
Messages
Build Orders
End
Construct Section Command Post
Infantry Section
Infantry Section
Infantry Section
Grenade Package
Vickers Machine Gun Team
Selects Australian Defense Battlegroup
Selects CMP 15cwt Supply Run
Construct Platoon Command Post
CMP 15cwt Supply Run
Unlock M3 Stuart Light Tanks
M3 Stuart Light Tank
Construct Field Infirmary
Selects Reinforced Resource Caches
M3 Stuart Light Tank
CMP 15cwt Supply Run
Construct Company Command Post
Selects Australian Light Infantry Section
Royal Engineer Section
Selects Archer Tank Destroyer
Archer Tank Destroyer
CMP 15cwt Supply Run
Matilda II Heavy Tank
Archer Tank Destroyer
Royal Engineer Section
Steven Stone
Bruistablet
Professor gibberish
Decoy
<Alpha>saltingfish
SWORD SOUL
巴图尔
Budaluk
0
0
Comments
sign in to comment!
No comments posted yet!